 Dungeon Crawl Stone Soup version 0.31-a0-149-g3fdcc5976a (webtiles) character file.

Game seed: 17289910770110267380

567 qw the Shooter (level 7, -5/63 HPs)
             Began as a Minotaur Hunter on June 7, 2023.
             Was an Initiate of Okawaru.
             Slain by an orc priest
             ... wielding a +0 hand axe
              (6 damage)
             ... on level 4 of the Dungeon.
             The game lasted 00:01:26 (2988 turns).

qw the Shooter (Minotaur Hunter)                    Turns: 2988, Time: 00:01:27

Health: -5/63      AC:  8    Str: 15    XL:     7   Next: 11%
Magic:  6/6        EV: 11    Int:  6    God:    Okawaru [......]
Gold:   190        SH:  0    Dex: 16    Spells: 6/6 levels left

rFire   . . .        Y - +0 shortbow
rCold   . . .        (shield currently unavailable)
rNeg    . . .        f - +0 ring mail
rPois   .            (helmet unavailable)
rElec   .            j - +1 cloak
rCorr   .            e - +0 pair of gloves
SInv    .            (no boots)
Will    .....        c - amulet of faith
Stlth   +            (no ring)
HPRegen 1.10/turn    (no ring)
MPRegen 0.10/turn

%: faith
@: lethally poisoned (-5 -> -14)
A: horns 3, retaliatory headbutt, iridescent scales 1, deformed body,
regeneration 1
a: Renounce Religion


You were on level 4 of the Dungeon.
You worshipped Okawaru.
Okawaru was noncommittal.
You visited 2 branches of the dungeon, and saw 5 of its levels.
You also visited: Sewer.

You collected 190 gold pieces.


Innate Abilities, Weirdness & Mutations

You have a pair of large horns on your head.
You reflexively headbutt those who attack you in melee.
You are partially covered in iridescent scales. (AC +2)
Armour fits poorly on your strangely shaped body.
Your natural rate of healing is unusually fast.


   Skills:
 - Level 6.0 Fighting
 + Level 7.5 Ranged Weapons
 - Level 2.5 Armour
 - Level 2.1 Dodging
 - Level 0.7 Stealth


You had 6 spell levels left.
You didn't know any spells.
Your spell library was empty.

Inventory:

Hand Weapons
 Y - a +0 shortbow (weapon)
Armour
 e - a +0 pair of gloves (worn)
 f - a +0 ring mail (worn)
 j - a +1 cloak (worn)
Jewellery
 c - an amulet of faith (around neck)
 l - an amulet of reflection
Scrolls
 a - a scroll of identify
Potions
 d - a potion of brilliance {unknown}
 g - a potion of mutation
 h - a potion of enlightenment {unknown}
 i - 2 potions of might
 m - 2 potions of haste

Dungeon Overview and Level Annotations

Branches:
Dungeon (4/15)             Temple (1/1) D:4           Sewer (visited)

Altars:
Ashenzari
Dithmenos
Elyvilon
Fedhas
Hepliaklqana
Nemelex Xobeh
Okawaru
Ru
Sif Muna
Trog
Uskayaw
Vehumet
Wu Jian
Xom
Yredelemnul
Zin


Message History

You headbutt the orc priest!
2983 ||| DRINKING 2 potions of heal wounds.
You feel much better.
You feel very sick.
The orc priest invokes the aid of Beogh against you.
Beogh smites you!
The orc priest calls upon Beogh to heal the orc priest.
The orc priest is healed somewhat.
Something hits you but does no damage.
You are more poisoned.
You shoot an arrow.
The arrow hits the orc priest but does no damage.
The orc priest is heavily wounded.
You feel extremely sick.
The orc priest hits you but does no damage.
Something hits you.
You are lethally poisoned!
You shoot an arrow. The arrow hits the orc priest!
You kill the orc priest!
Okawaru accepts your kill.
You feel extremely sick. Something hits you but does no damage.
You are more poisoned.
2986 ||| DRINKING potion of heal wounds.
You feel much better.
You feel very sick. The orc priest barely misses you.
Something hits you but does no damage.
You are lethally poisoned!
You shoot an arrow.
The arrow hits the orc priest but does no damage.
You feel extremely sick.
The orc priest invokes the aid of Beogh against you.
Beogh smites you!
You hear some strange, mumbled words.
A magic dart appears from out of thin air!
The magic dart hits you but does no damage.
You shoot an arrow.
The arrow hits the orc priest but does no damage.
You feel extremely sick.
The orc priest hits you with a +0 hand axe.
You die...

#.........# #.#.#
#.........#########.#.#
#...................#.#
#####+#'#############.# .#
#.#......?...# #.# .#
#.##########.# #.# .# #... ..
#.# #.####### .# #..# #.#{#
#.......# ## #..# #.o@#
#######.#
#####..####################.#
.......##................##.#
...##.###.##############.##.#
..........# #.##.#
...##.##### #.##.# +#.......#
#.##.### #.#..##.# #......#
#.#<..#.# ########


You could see an orc priest.

Vanquished Creatures
  Sigmund (D:2)
  2 kobold brigands (Sewer)
  A scorpion (D:3)
  An orc priest (D:4)
  Jessica (D:2)
  6 adders
  An ufetubus (D:3)
  A worm (D:3)
  A dart slug (D:1)
  2 orcs (D:4)
  11 bats
  8 endoplasms
  6 giant cockroaches
  8 goblins
  6 hobgoblins
  19 kobolds
  A quokka (D:2)
  7 ball pythons
  2 frilled lizards (D:3)
  8 rats
93 creatures vanquished.

Notes
Turn   | Place    | Note
-------+----------+-------------------------------------------
     0 | D:1      | qw the Minotaur Hunter began the quest for the Orb.
     0 | D:1      | Reached XP level 1. HP: 18/18 MP: 0/0
     0 | D:1      | 0 ||| qw: Version: 0.2-a-117-gc6b5c8b
     0 | D:1      | 0 ||| qw: Game counter: 2586
     0 | D:1      | 0 ||| qw: Always use a shield: true
     0 | D:1      | 0 ||| qw: God list: Okawaru
     0 | D:1      | 0 ||| qw: Allow faded altars: false
     0 | D:1      | 0 ||| qw: Do Orc after D:15 true
     0 | D:1      | 0 ||| qw: Do second Lair branch before Depths: true
     0 | D:1      | 0 ||| qw: Lair rune preference: random
     0 | D:1      | 0 ||| qw: Plans: Normal
     0 | D:1      | 0 ||| PLANNING D:1-11
   135 | D:1      | Reached XP level 2. HP: 24/25 MP: 1/1
   158 | D:1      | Reached skill level 5 in Ranged Weapons
   164 | D:1      | 164 ||| FLEEEEING.
   165 | D:1      | 165 ||| FLEEEEING.
   166 | D:1      | 166 ||| FLEEEEING.
   167 | D:1      | 167 ||| FLEEEEING.
   245 | D:1      | 245 ||| UPGRADING to +0 pair of gloves.
   263 | D:1      | 263 ||| UPGRADING to +0 ring mail.
   273 | D:1      | 273 ||| DROPPING +0 leather armour.
   274 | D:1      | 274 ||| UPGRADING to +0 cloak.
   410 | D:1      | Reached skill level 1 in Armour
   432 | D:1      | Reached skill level 3 in Fighting
   528 | D:1      | 528 ||| READING 2 scrolls labelled DEFRA OCLO.
   529 | D:1      | 529 ||| READING scroll labelled JAUVIBL BEFAC.
   530 | D:1      | 530 ||| READING scroll labelled WAAVOZ KYCZOYT.
   534 | D:1      | 534 ||| DROPPING scroll of butterflies.
   571 | D:2      | Reached XP level 3. HP: 31/31 MP: 2/2
   679 | D:2      | Noticed Jessica
   685 | D:2      | Killed Jessica
   717 | D:2      | Reached XP level 4. HP: 36/38 MP: 3/3
   736 | D:2      | Reached skill level 6 in Ranged Weapons
  1097 | D:2      | Noticed Sigmund
  1102 | D:2      | Killed Sigmund
  1103 | D:2      | Reached skill level 6 in Fighting
  1103 | D:2      | Reached XP level 5. HP: 28/50 MP: 4/4
  1254 | D:2      | 1254 ||| UPGRADING to +1 cloak.
  1264 | D:2      | 1264 ||| DROPPING +0 cloak.
  1265 | D:2      | 1265 ||| UPGRADING to amulet of reflection.
  1270 | D:2      | 1270 ||| DROPPING ring of wizardry.
  1271 | D:2      | 1271 ||| READING scroll labelled YPHONN ZEOTEOG.
  1272 | D:2      | 1272 ||| DRINKING 2 emerald potions.
  1273 | D:2      | 1273 ||| DROPPING potion of attraction.
  1305 | D:3      | 1305 ||| PLANNING SEWER
  1324 | D:3      | Reached XP level 6. HP: 57/57 MP: 5/5
  1591 | D:3      | Found a glowing drain.
  1592 | D:3      | 1592 ||| DRINKING 2 orange potions.
  1601 | Sewer    | Entered a sewer
  1860 | Sewer    | HP: 13/57 [kobold/+0 dagger (2)]
  1861 | Sewer    | 1861 ||| READING scroll of teleportation.
  1862 | Sewer    | 1862 ||| DRINKING 3 potions of heal wounds.
  1964 | Sewer    | Reached skill level 7 in Ranged Weapons
  2059 | Sewer    | 2059 ||| DRINKING 2 gluggy blue potions.
  2059 | Sewer    | Gained mutation: You are partially covered in iridescent
                  | scales. (AC +2) [potion of mutation]
  2059 | Sewer    | Gained mutation: Armour fits poorly on your strangely
                  | shaped body. [potion of mutation]
  2059 | Sewer    | Gained mutation: You have a pair of large horns on your
                  | head. [potion of mutation]
  2059 | Sewer    | Gained mutation: Your natural rate of healing is unusually
                  | fast. [potion of mutation]
  2060 | Sewer    | 2060 ||| DRINKING 3 golden potions.
  2061 | Sewer    | 2061 ||| DRINKING 2 sedimented purple potions.
  2062 | Sewer    | 2062 ||| DRINKING 3 dark potions.
  2063 | Sewer    | 2063 ||| READING 2 scrolls of identify.
  2063 | Sewer    | 2063 ||| IDENTIFYING glowing inky potion
  2064 | Sewer    | 2064 ||| DROPPING potion of lignification.
  2065 | Sewer    | 2065 ||| DROPPING potion of invisibility.
  2069 | D:3      | 2069 ||| PLANNING D:1-11
  2400 | D:3      | Reached XP level 7. HP: 44/63 MP: 6/6
  2547 | D:3      | 2547 ||| UPGRADING to amulet of faith.
  2557 | D:3      | 2557 ||| READING scroll labelled ITEAMM KOKAUPO.
  2558 | D:3      | 2558 ||| READING scroll labelled FOATSOORECKO.
  2560 | D:3      | 2560 ||| Stepping ~*~*~tactically~*~*~ (cloud).
  2644 | D:4      | Found a staircase to the Ecumenical Temple.
  2645 | D:4      | 2645 ||| PLANNING TEMPLE
  2653 | Temple   | Entered the Ecumenical Temple
  2702 | Temple   | 2702 ||| PLANNING OKAWARU WORSHIP
  2832 | Temple   | Became a worshipper of Warmaster Okawaru
  2832 | Temple   | 2832 ||| PLANNING D:1-11
  2982 | D:4      | HP: 13/63 [poisoned by an orc wizard]
  2983 | D:4      | 2983 ||| DRINKING 2 potions of heal wounds.
  2986 | D:4      | 2986 ||| DRINKING potion of heal wounds.
  2987 | D:4      | HP: 14/63 [poisoned by an orc wizard]
  2988 | D:4      | HP: 1/63 [poisoned by an orc wizard]
  2988 | D:4      | Slain by an orc priest

Levels and vault maps discovered:
D:1:      minmay_arrival_four_houses, layout_loops_ring, serial_glass,
          glass_columns_b, glass_columns_a, glass_columns_b, glass_columns_b,
          glass_columns_c, glass_columns_a
D:2:      layout_loops_cross, st_stairs_12, minmay_misc_feat_rows,
          minmay_misc_feat_ornament, uniq_sigmund, uniq_jessica
D:3:      layout_basic, portal_sewer_entry_a
D:4:      layout_basic, minmay_temple_entry_overgrown
Temple:   eino_temple_scatter_basement

Skill      XL: |  1  2  3  4  5  6 |
---------------+-------------------+-----
Ranged Weapons | 5 6 7 |  7.5
Armour         | 1 2 |  2.5
Fighting       | 3 6 |  6.0
Dodging        | |  2.1
Stealth        | |  0.7

Action                     |  1- 3 |  4- 6 |  7- 9 || total
---------------------------+-------+-------+-------++-------
   Fire: Shortbow          |    66 |   194 |    22 ||   282
    Use: Scroll            |     3 |     3 |     2 ||     8
         Potion            |       |     7 |     2 ||     9
 Armour: Leather armour    |     4 |       |       ||     4
         Ring mail         |     9 |    38 |    11 ||    58
  Dodge: Dodged            |    19 |    71 |     8 ||    98
  Block: Other             |       |    22 |       ||    22
         Reflection        |       |     1 |       ||     1

Table legend:
 A = Non-vault XP
 B = Vault XP
 C = Vault XP percentage of total XP
 D = Non-vault monster count
 E = Vault monster count
 F = Vault count percentage of total count
                 A         B        C        D         E       F
            +---------+---------+-------+---------+---------+-------
      Total |     284 |     527 |  65.0 |      59 |      34 |  36.6
            +---------+---------+-------+---------+---------+-------
        D:1 |      36 |       0 |   0.0 |      19 |       0 |   0.0
        D:2 |      66 |     270 |  80.4 |      21 |       3 |  12.5
        D:3 |     131 |      21 |  13.8 |      14 |       4 |  22.2
        D:4 |      51 |       0 |   0.0 |       5 |       0 |   0.0
      Sewer |       0 |     236 | 100.0 |       0 |      27 | 100.0
            +---------+---------+-------+---------+---------+-------
